 Dungeon Crawl Stone Soup version 0.31-a0-819-gf6de2f5ab6 (webtiles) character file.

Game seed: 15590033251554676659

643 avis the Ducker (level 7, -9/31 HPs)
             Began as a Felid Shapeshifter on Sept 25, 2023.
             Mangled by an orc warrior
             ... wielding a +0 halberd
              (14 damage)
             ... on level 6 of the Dungeon.
             The game lasted 00:25:28 (4248 turns).

avis the Ducker (Felid Shapeshifter)                Turns: 4248, Time: 00:25:29

Health: -9/31      AC:  2    Str: 18    XL:     7   Next: 26%
Magic:  8/8        EV: 19    Int: 12    God:
Gold:   227        SH:  0    Dex: 15    Spells: 6/6 levels left
                                        Lives:  0   Deaths: 3

rFire   . .          .
                       - Unarmed
rCold   . . .        (shield unavailable)
rNeg    . . .        (body armour unavailable)
rPois   .            (helmet unavailable)
rElec   .            (cloak unavailable)
rCorr   .            (gloves unavailable)
SInv    +            (boots unavailable)
Will    +....        (no amulet)
Stlth   +++          e - +6 ring of strength
HPRegen 0.25/turn    n - ring of flight
MPRegen 0.11/turn

%: no passive effects
@: beast-form, flying, quick
A: beast (slay +3), very small, claws 1, fangs 3, see invisible, speed 1, shaggy
fur 2, stealthy paws, no weapons or thrown items, no armour, multi-lived
a: Begin Untransformation


You were on level 6 of the Dungeon.
You were a hulking beast.
You visited 1 branch of the dungeon, and saw 6 of its levels.
You also visited: Sewer.

You collected 227 gold pieces.

Inventory:

Jewellery
 e - a +6 ring of strength (left paw)
 n - a ring of flight (right paw)
Talismans
 b - a beast talisman (active)
 c - a flux talisman
 S - a storm talisman
Wands
 h - a wand of quicksilver (6)
Scrolls
 a - 2 scrolls of amnesia {unknown}
 d - 2 scrolls of summoning {unknown}
 g - 2 scrolls of fog {unknown}
 i - 2 scrolls of revelation
 k - a scroll of brand weapon
 m - 2 scrolls of teleportation {unknown}
 r - a scroll of enchant armour
 s - 2 scrolls of acquirement {unknown}
Potions
 f - 2 potions of haste
 j - a potion of mutation
 l - 6 potions of enlightenment
 o - a potion of attraction
 q - a potion of ambrosia


   Skills:
 * Level 3.6 Fighting
 - Level 6.0 Dodging
 - Level 5.0 Stealth
 - Level 3.0 Unarmed Combat
 - Level 1.0 Evocations
 - Level 5.3 Shapeshifting


You had 6 spell levels left.
You didn't know any spells.
Your spell library contained the following spells:

 Spells                   Type           Power      Damage    Failure   Level
 Apportation              Tloc           0%         N/A       32%         1
 Freeze                   Ice            0%         1d3       32%         1
 Summon Small Mammal      Summ           0%         N/A       32%         1
 Jinxbite                 Hex            0%         N/A       45%         2
 Call Canine Familiar     Summ           0%         N/A       69%         3
 Frozen Ramparts          Ice            0%         1d1       69%         3
 Hailstorm                Conj/Ice       0%         3d3       69%         3
 Summon Guardian Golem    Hex/Summ       0%         N/A       69%         3
 Volatile Blastmotes      Fire/Tloc      0%         2d10      69%         3
 Fulminant Prism          Conj/Hex       0%         3d5       97%         4
 Iskenderun's Mystic Bla  Conj/Tloc      0%         2d3       97%         4
 Alistair's Intoxication  Tmut/Pois      0%         N/A       100%        5


Dungeon Overview and Level Annotations

Branches:
Dungeon (6/15)              Sewer (visited)
 Temple: D:4-7

Altars:
Wu Jian

Annotations:
D:4 exclusion: goblin, Grinder
D:5 Menkaure
D:6 exclusion: ice beast


Innate Abilities, Weirdness & Mutations

You are a hulking beast.
Your limbs bulge with bestial killing power. (Slay +3)
You have sharp claws.
You have razor-sharp teeth.
You have supernaturally acute eyesight. (SInv)
You cover ground quickly. (Speed+)
You are covered in thick fur. (AC +2)
Your paws help you pounce on unaware monsters.
You are incapable of wielding weapons or throwing items.
You cannot wear armour.
You gain extra lives every three experience levels.


Message History

You scratch the iguana.
You kill the iguana!
Training target 1.0 for Evocations reached!
Your Evocations skill increases to level 1!
p - a scroll of identify You now have 227 gold pieces (gained 15).
As you read the scroll of identify, it crumbles to dust.
r - a scroll of enchant armour An adder comes into view.
The helpless adder fails to defend itself.
You mangle the adder!!
You kill the adder!
An orc comes into view. It is wielding a +0 trident.
The orc shouts!
Found a scroll of enchant armour.
The orc closely misses you.
You closely miss the orc. Your claw misses the orc. The orc misses you.
You scratch the orc. You bite the orc.
You kill the orc!
An orc warrior comes into view. It is wielding a +0 halberd.
An orc comes into view. It is wielding a +0 flail.
Things that are here:
a +0 trident; a +0 ring mail; an orc corpse You catch the helpless orc warrior completely off-guard!
You scratch the orc warrior.
The orc warrior is lightly wounded.
The orc wizard shouts!
The orc warrior hits you with a +0 halberd!
Ouch! That really hurt!
You scratch the orc warrior but do no damage.
The orc warrior is lightly wounded.
The orc warrior hits you with a +0 halberd!
* * * LOW HITPOINT WARNING * * *
The orc warrior misses you.
Things that are here:
a +0 trident; a +0 ring mail; an orc corpse An orc comes into view.
It is wielding a +0 dagger.
The orc warrior attacks as it pursues you!
The orc warrior hits you from afar with a +0 halberd!
You die...

#.# ......$.## #.#
...(......# ### ##.##
... ......#
##.####...####.#
...##..#######
#........†.....# ...
#...O.[...
##.#.##...##..#...#
.#.########
#.#.###.....###.###.#.#
# #.#.#
#####..#...#..#.# ##
#...#
#.#h##...##.#######.
##..#
#.#.)o..###.#.......
#..#
#.............##.##.
###..#
###.###..........##.
#....#
#..o.##.#####.###.
#.#.##
#.###...#o~~#.###O
#.#.#
#?.o....#oO~#..##.
#.#.#
#.#.....#~.~#..##.
#†#.# #.
.....#~~~#..##.


You could see an orc warrior.

Vanquished Creatures
  A black bear (D:6)
  A bullfrog (D:6)
  A scorpion (D:4)
  A howler monkey (D:5)
  A hound (D:4)
  An orc priest (D:3)
  An iguana (D:6)
  A sleepcap (D:4)
  A gnoll (D:6)
  14 adders
  2 river rats (Sewer)
  6 worms
  2 dart slugs (D:1)
  7 orcs
  9 endoplasms
  7 giant cockroaches
  3 hobgoblins
  2 jackals (Sewer)
  7 kobolds
  4 quokkas
  15 ball pythons
  12 bats
  2 frilled lizards
  7 goblins
  4 rats
112 creatures vanquished.

Notes
Turn   | Place    | Note
-------+----------+-------------------------------------------
     0 | D:1      | avis the Felid Shapeshifter began the quest for the Orb.
     0 | D:1      | Reached XP level 1. HP: 9/9 MP: 2/2
   116 | D:1      | Reached skill level 1 in Stealth
   174 | D:1      | Reached XP level 2. HP: 13/13 MP: 3/3
   299 | D:1      | Found a faded altar of an unknown god.
   339 | D:1      | Reached skill level 3 in Dodging
   670 | D:2      | Reached XP level 3. HP: 16/16 MP: 4/4
  1381 | D:3      | Reached XP level 4. HP: 19/19 MP: 5/5
  2301 | D:4      | Noticed Grinder
  2361 | D:4      | Reached XP level 5. HP: 22/22 MP: 6/6
  2415 | D:4      | Mangled by a sleepcap
  2475 | D:4      | Reached skill level 5 in Shapeshifting
  2788 | D:4      | Found an ornate altar of the Wu Jian Council.
  3057 | D:5      | Entered Level 5 of the Dungeon
  3076 | D:5      | Gained mutation: You are covered in thick fur. (AC +2)
                  | [Felid growth]
  3076 | D:5      | Reached XP level 6. HP: 28/28 MP: 7/7
  3109 | D:5      | Noticed Menkaure
  3214 | D:6      | Noticed an ice beast
  3374 | D:6      | Reached skill level 4 in Dodging
  3375 | D:6      | Found a glowing drain.
  3509 | Sewer    | Entered a sewer
  3668 | Sewer    | Reached skill level 5 in Stealth
  3670 | Sewer    | Reached skill level 5 in Dodging
  3908 | Sewer    | Reached XP level 7. HP: 31/31 MP: 8/8
  4171 | D:6      | Reached skill level 6 in Dodging
  4191 | D:6      | Slain by a gnoll sergeant
  4209 | D:6      | Slain by an iguana
  4217 | D:6      | Reached skill level 1 in Evocations
  4248 | D:6      | Mangled by an orc warrior

Illustrated notes

Levels and vault maps discovered:
D:1:      heliophobic_arrival_ceremonial_halls, layout_rooms,
          chequers_ecumenical_altar_grove
D:2:      layout_loops_cross
D:3:      layout_basic
D:4:      layout_cave_pods, nzn_wu_jian_council_hall, uniq_grinder
D:5:      layout_basic, dancing_weapons_uskayaw,
          amcnicky_mini_rare_corridor_liquid, uniq_menkaure
D:6:      layout_loops_ring, minmay_temple_entry_from_below_b,
          gup_sewer_entry_glass, hex_large

Skill      XL: |  1  2  3  4  5  6  7 |
---------------+----------------------+-----
Stealth        | 1 2 3 4 5 |  5.0
Fighting       | 2 3 |  3.6
Dodging        | 3 5 6 |  6.0
Shapeshifting  | 4 5 |  5.3
Evocations     | 1 |  1.0
Unarmed Combat | |  3.0

Action                     |  1- 3 |  4- 6 |  7- 9 || total
---------------------------+-------+-------+-------++-------
  Melee: Unarmed           |    76 |   151 |    58 ||   285
         Bite              |     7 |    19 |     5 ||    31
         Punch             |       |     5 |     1 ||     6
  Evoke: Wand              |       |     4 |       ||     4
    Use: Potion            |       |     3 |     1 ||     4
         Scroll            |       |     7 |     1 ||     8
   Stab: Sleeping          |     4 |    16 |     1 ||    21
         Distracted        |       |       |     1 ||     1
 Armour: Skin              |    13 |    47 |    17 ||    77
  Dodge: Dodged            |    43 |   114 |    50 ||   207

Table legend: (Time is in decaauts)
 A = Elapsed time spent in this place.
 B = Non-inter-level travel time spent in this place.
 C = Inter-level travel time spent in this place.
 D = Time resting spent in this place.
 E = Time spent auto-exploring this place.
 F = Levels seen in this place.
 G = Mean time per level.
                   A        B        C        D        E       F      G
               +--------+--------+--------+--------+--------+-----+--------+
         Total |   3617 |   3393 |    224 |    469 |   1570 |   7 |  516.7 |
       Dungeon |   3111 |   2887 |    224 |    437 |   1474 |   6 |  518.5 |
         Sewer |    506 |    506 |      0 |     32 |     95 |   1 |  506.0 |
               +--------+--------+--------+--------+--------+-----+--------+

Top non-repeatable levels by time:
     D:4: 849 daAuts
     D:3: 721 daAuts
     D:2: 563 daAuts
     D:1: 507 daAuts
   Sewer: 506 daAuts
     D:6: 430 daAuts
     D:5: 39 daAuts
